[ AOE2 MATCH · #505919980 ]
UnrankedBengalis vs Koreans
Player's team · LOSS
Rival team · WIN
[ REPLAY ANALYSIS · EXTRACTED FROM THE RECORDED GAME ]
Feudal
8:51
Castle
24:07
Imperial
40:26
| APM avg | 47.2 |
| APM peak | 106 |
| eAPM avg | 17.3 |
| Villagers / military | 105 / 65 |
Focus
⚔️ 30.6% · 🌾 69.4%
Archer ×28 · Skirmisher ×16 · Battle Elephant ×11 · Monk ×3 · Mangonel ×3 · Trebuchet (Packed) ×3
Feudal
9:01
Castle
24:46
Imperial
41:14
| APM avg | 66.7 |
| APM peak | 107 |
| eAPM avg | 28.8 |
| Villagers / military | 108 / 169 |
Focus
⚔️ 47.0% · 🌾 53.0%
Fire Lancer ×125 · Skirmisher ×16 · Battering Ram ×8 · Trebuchet (Packed) ×6 · War Wagon ×5 · Spearman ×3
Match map
Initial resources + every placement click. Lines = walls · curves = elevation contours. ◆ gold · ⬟ stone · ● berries · ✦ relic · ◌ wall gap
Your base· Open — unwalled flank
PNAL | Miller's base· Open — 10t gap
Smoothed initial terrain · ◌ = detected wall gap · hover for details
Inputs per minute
— Trundle the Great - - PNAL | Miller
Build order — Trundle the Great
First 150 of 284 actions detected
| 0:00 | Queue | Villager (Male) |
| 0:01 | Queue | Villager (Male) |
| 0:03 | Build | House |
| 0:04 | Build | House |
| 0:22 | Queue | Villager (Male) |
| 0:22 | Queue | Villager (Male) |
| 1:28 | Queue | Villager (Male) |
| 1:57 | Build | Mill |
| 2:02 | Queue | Villager (Male) |
| 2:16 | Queue | Villager (Male) |
| 2:21 | Build | House |
| 2:47 | Queue | Villager (Male) |
| 3:07 | Queue | Villager (Male) |
| 3:42 | Queue | Villager (Male) |
| 4:05 | Queue | Villager (Male) |
| 4:21 | Queue | Villager (Male) |
| 4:46 | Queue | Villager (Male) |
| 5:14 | Queue | Villager (Male) |
| 5:27 | Queue | Villager (Male) |
| 5:46 | Build | Lumber Camp |
| 6:12 | Research | Loom |
| 6:41 | Research | Feudal Age |
| 7:43 | Build | Palisade Wall |
| 8:09 | Queue | Villager (Male) |
| 8:15 | Build | Barracks |
| 8:31 | Build | House |
| 8:51 | Age | Feudal Age |
| 8:57 | Research | Double-Bit Axe |
| 9:12 | Queue | Spearman |
| 9:13 | Queue | Villager (Male) |
| 9:21 | Build | Palisade Wall |
| 9:32 | Build | Archery Range |
| 9:58 | Queue | Villager (Male) |
| 10:09 | Build | Mill |
| 10:21 | Build | House |
| 10:24 | Research | Wheelbarrow |
| 10:31 | Queue | Skirmisher |
| 10:43 | Build | Farm |
| 10:54 | Queue | Villager (Male) |
| 11:04 | Build | House |
| 11:10 | Build | Blacksmith |
| 11:25 | Queue | Skirmisher |
| 11:40 | Queue | Villager (Male) |
| 11:42 | Build | Farm |
| 11:52 | Build | Watch Tower |
| 11:56 | Queue | Skirmisher |
| 11:59 | Queue | Villager (Male) |
| 12:22 | Queue | Skirmisher |
| 12:23 | Queue | Villager (Male) |
| 12:31 | Build | Farm |
| 12:33 | Build | Farm |
| 12:39 | Queue | Skirmisher |
| 12:52 | Research | Fletching |
| 13:06 | Build | Mining Camp |
| 13:20 | Queue | Villager (Male) |
| 13:25 | Build | Farm |
| 13:28 | Build | Farm |
| 13:42 | Queue | Skirmisher |
| 13:44 | Queue | Villager (Male) |
| 13:52 | Build | House |
| 14:02 | Queue | Skirmisher |
| 14:15 | Queue | Skirmisher |
| 14:16 | Queue | Villager (Male) |
| 14:20 | Build | House |
| 14:31 | Queue | Skirmisher |
| 14:42 | Queue | Villager (Male) |
| 14:50 | Build | Farm |
| 15:17 | Queue | Villager (Male) |
| 15:24 | Build | Farm |
| 15:30 | Research | Horse Collar |
| 15:34 | Queue | Villager (Male) |
| 15:47 | Queue | Skirmisher |
| 15:57 | Build | Farm |
| 16:02 | Queue | Villager (Male) |
| 16:35 | Queue | Villager (Male) |
| 16:52 | Queue | Skirmisher |
| 17:04 | Queue | Villager (Male) |
| 17:17 | Build | House |
| 17:18 | Build | House |
| 17:35 | Queue | Villager (Male) |
| 17:49 | Queue | Skirmisher |
| 17:55 | Build | Market |
| 18:00 | Build | Farm |
| 18:08 | Queue | Skirmisher |
| 18:09 | Queue | Villager (Male) |
| 18:22 | Queue | Villager (Male) |
| 18:26 | Queue | Skirmisher |
| 18:35 | Build | Farm |
| 18:45 | Queue | Skirmisher |
| 18:46 | Queue | Villager (Male) |
| 19:04 | Build | Mining Camp |
| 19:24 | Queue | Villager (Male) |
| 19:24 | Queue | Skirmisher |
| 19:35 | Build | House |
| 20:13 | Queue | Villager (Male) |
| 20:25 | Build | Farm |
| 20:37 | Queue | Villager (Male) |
| 20:52 | Build | Outpost |
| 21:04 | Build | Lumber Camp |
| 21:11 | Build | Farm |
| 21:25 | Build | Farm |
| 21:27 | Research | Castle Age |
| 21:52 | Build | Stable |
| 22:02 | Queue | Villager (Male) |
| 22:10 | Build | House |
| 22:11 | Build | House |
| 22:29 | Queue | Villager (Male) |
| 22:32 | Research | Scale Barding Armor |
| 23:05 | Build | House |
| 23:08 | Build | Stable |
| 23:09 | Build | House |
| 23:14 | Build | Palisade Wall |
| 23:21 | Research | Bloodlines |
| 24:07 | Age | Castle Age |
| 24:10 | Queue | Battle Elephant |
| 24:10 | Queue | Battle Elephant |
| 24:17 | Research | Bodkin Arrow |
| 24:20 | Research | Elite Skirmisher (upgrade) |
| 24:29 | Build | Town Center |
| 24:40 | Research | Husbandry |
| 24:46 | Queue | Villager (Male) |
| 24:56 | Build | Farm |
| 25:08 | Build | Siege Workshop |
| 25:22 | Queue | Battle Elephant |
| 25:26 | Queue | Villager (Male) |
| 25:27 | Queue | Villager (Male) |
| 25:29 | Build | Farm |
| 25:31 | Build | Farm |
| 25:41 | Queue | Villager (Male) |
| 25:43 | Build | Farm |
| 25:44 | Build | Farm |
| 25:44 | Build | Farm |
| 25:44 | Build | Farm |
| 25:45 | Build | Farm |
| 25:49 | Queue | Villager (Male) |
| 25:58 | Build | Farm |
| 26:30 | Queue | Villager (Male) |
| 26:30 | Queue | Villager (Male) |
| 26:39 | Queue | Villager (Male) |
| 26:39 | Queue | Villager (Male) |
| 26:40 | Queue | Villager (Male) |
| 26:55 | Queue | Villager (Male) |
| 27:09 | Queue | Villager (Male) |
| 27:14 | Build | Monastery |
| 27:23 | Queue | Villager (Male) |
| 27:24 | Queue | Villager (Male) |
| 27:42 | Queue | Villager (Male) |
| 27:42 | Queue | Villager (Male) |
| 27:50 | Queue | Battle Elephant |
| 27:50 | Queue | Battle Elephant |
Build order — PNAL | Miller
First 150 of 456 actions detected
| 0:02 | Build | House |
| 0:03 | Build | House |
| 0:04 | Queue | Villager (Male) |
| 0:05 | Queue | Villager (Male) |
| 0:05 | Queue | Villager (Male) |
| 0:05 | Queue | Villager (Male) |
| 0:05 | Queue | Villager (Male) |
| 1:09 | Queue | Villager (Male) |
| 1:53 | Build | Lumber Camp |
| 1:57 | Queue | Villager (Male) |
| 2:15 | Queue | Villager (Male) |
| 2:46 | Queue | Villager (Male) |
| 2:46 | Queue | Villager (Male) |
| 3:03 | Queue | Villager (Male) |
| 3:40 | Queue | Villager (Male) |
| 3:54 | Build | House |
| 4:02 | Queue | Villager (Male) |
| 4:30 | Build | Mill |
| 4:35 | Queue | Villager (Male) |
| 4:57 | Queue | Villager (Male) |
| 5:07 | Queue | Villager (Male) |
| 5:44 | Queue | Villager (Male) |
| 5:45 | Research | Loom |
| 6:51 | Research | Feudal Age |
| 7:34 | Build | Barracks |
| 7:42 | Queue | Villager (Male) |
| 8:00 | Build | House |
| 8:13 | Build | Mining Camp |
| 9:01 | Age | Feudal Age |
| 9:05 | Build | Watch Tower |
| 9:06 | Queue | Villager (Male) |
| 9:11 | Queue | Spearman |
| 9:13 | Research | Double-Bit Axe |
| 9:29 | Queue | Villager (Male) |
| 9:53 | Queue | Villager (Male) |
| 10:03 | Build | Archery Range |
| 10:23 | Build | House |
| 10:31 | Build | Farm |
| 10:33 | Queue | Villager (Male) |
| 10:55 | Queue | Skirmisher |
| 11:08 | Build | Watch Tower |
| 11:10 | Queue | Villager (Male) |
| 11:13 | Queue | Skirmisher |
| 11:32 | Queue | Villager (Male) |
| 11:46 | Build | House |
| 11:53 | Queue | Skirmisher |
| 11:58 | Build | Watch Tower |
| 12:13 | Queue | Villager (Male) |
| 12:26 | Research | Town Watch |
| 12:35 | Build | Farm |
| 12:35 | Build | Farm |
| 12:35 | Build | Farm |
| 12:36 | Build | Farm |
| 12:36 | Build | Farm |
| 12:36 | Build | Farm |
| 12:40 | Queue | Skirmisher |
| 13:01 | Queue | Skirmisher |
| 13:11 | Queue | Villager (Male) |
| 13:21 | Build | House |
| 13:45 | Queue | Villager (Male) |
| 13:50 | Queue | Villager (Male) |
| 13:53 | Build | Mill |
| 14:23 | Queue | Spearman |
| 14:24 | Queue | Skirmisher |
| 14:36 | Queue | Villager (Male) |
| 14:41 | Queue | Skirmisher |
| 14:43 | Build | Farm |
| 14:50 | Queue | Spearman |
| 14:55 | Queue | Skirmisher |
| 15:00 | Build | House |
| 15:16 | Queue | Villager (Male) |
| 15:22 | Queue | Skirmisher |
| 15:30 | Build | Blacksmith |
| 15:44 | Build | House |
| 15:44 | Queue | Villager (Male) |
| 15:52 | Queue | Skirmisher |
| 15:53 | Queue | Villager (Male) |
| 16:09 | Build | Watch Tower |
| 16:14 | Queue | Villager (Male) |
| 16:30 | Research | Fletching |
| 16:31 | Research | Fletching |
| 16:33 | Queue | Skirmisher |
| 17:02 | Queue | Skirmisher |
| 17:03 | Queue | Villager (Male) |
| 17:09 | Queue | Villager (Male) |
| 17:15 | Queue | Skirmisher |
| 17:15 | Queue | Villager (Male) |
| 17:22 | Build | Farm |
| 17:29 | Queue | Skirmisher |
| 18:06 | Queue | Skirmisher |
| 18:10 | Build | Farm |
| 18:10 | Build | Farm |
| 18:10 | Build | Farm |
| 18:11 | Build | Farm |
| 18:11 | Build | Farm |
| 18:11 | Build | Farm |
| 18:35 | Queue | Skirmisher |
| 18:36 | Queue | Villager (Male) |
| 18:40 | Build | Farm |
| 18:42 | Build | House |
| 19:00 | Research | Wheelbarrow |
| 19:03 | Build | Lumber Camp |
| 19:18 | Build | House |
| 19:20 | Queue | Villager (Male) |
| 20:21 | Build | Farm |
| 20:21 | Build | Farm |
| 20:21 | Build | Farm |
| 20:22 | Build | Farm |
| 20:22 | Build | Farm |
| 20:22 | Build | Farm |
| 20:32 | Queue | Villager (Male) |
| 20:35 | Build | Watch Tower |
| 20:45 | Build | Mining Camp |
| 21:02 | Queue | Villager (Male) |
| 21:06 | Build | Market |
| 21:22 | Build | House |
| 21:23 | Build | House |
| 21:29 | Build | House |
| 21:40 | Queue | Villager (Male) |
| 21:45 | Build | Farm |
| 21:46 | Build | Farm |
| 22:06 | Research | Castle Age |
| 22:13 | Build | Barracks |
| 22:17 | Build | Farm |
| 22:50 | Build | House |
| 22:54 | Build | Farm |
| 22:55 | Research | Horse Collar |
| 22:57 | Queue | Villager (Male) |
| 23:00 | Build | Lumber Camp |
| 23:04 | Research | Scale Mail Armor |
| 23:04 | Research | Scale Mail Armor |
| 23:15 | Build | Palisade Wall |
| 23:17 | Build | Palisade Wall |
| 23:18 | Build | Palisade Wall |
| 23:21 | Build | Palisade Gate |
| 23:27 | Research | Gold Mining |
| 23:34 | Build | Palisade Wall |
| 23:35 | Build | Palisade Wall |
| 23:49 | Build | Palisade Wall |
| 23:52 | Build | House |
| 23:58 | Build | Market |
| 24:38 | Build | Watch Tower |
| 24:44 | Build | Barracks |
| 24:46 | Age | Castle Age |
| 24:48 | Queue | Fire Lancer |
| 24:48 | Queue | Fire Lancer |
| 24:49 | Research | Chain Mail Armor |
| 24:49 | Research | Chain Mail Armor |
| 24:51 | Research | Squires |
| 24:51 | Research | Squires |
Match timeline
| 7:34 | PNAL | Miller · first_building Barracks |
| 7:43 | Trundle the Great · wall_segment Palisade Wall x7 |
| 8:15 | Trundle the Great · first_building Barracks |
| 8:51 | Trundle the Great · age_up feudal |
| 9:01 | PNAL | Miller · age_up feudal |
| 9:21 | Trundle the Great · wall_segment Palisade Wall x7 |
| 9:32 | Trundle the Great · first_building Archery Range |
| 10:03 | PNAL | Miller · first_building Archery Range |
| 21:52 | Trundle the Great · first_building Stable |
| 21:57 | PNAL | Miller · first_market_sell 100 food |
| 23:14 | Trundle the Great · wall_segment Palisade Wall x14 |
| 23:15 | PNAL | Miller · wall_segment Palisade Wall x5 |
| 23:17 | PNAL | Miller · wall_segment Palisade Wall x1 |
| 23:18 | PNAL | Miller · wall_segment Palisade Wall x4 |
| 23:34 | PNAL | Miller · wall_segment Palisade Wall x1 |
| 23:35 | PNAL | Miller · wall_segment Palisade Wall x1 |
| 23:49 | PNAL | Miller · wall_segment Palisade Wall x1 |
| 24:07 | Trundle the Great · age_up castle |
| 24:46 | PNAL | Miller · age_up castle |
| 25:08 | Trundle the Great · first_building Siege Workshop |
| 25:37 | PNAL | Miller · first_building Siege Workshop |
| 27:14 | Trundle the Great · first_building Monastery |
| 27:48 | Trundle the Great · first_market_sell 100 wood |
| 27:49 | Trundle the Great · first_market_buy 100 stone |
| 27:55 | Trundle the Great · first_building Castle |
| 34:05 | PNAL | Miller · first_building Castle |
| 37:46 | PNAL | Miller · first_market_buy 100 food |
| 38:03 | PNAL | Miller · first_building Monastery |
| 40:26 | Trundle the Great · age_up imperial |
| 41:14 | PNAL | Miller · age_up imperial |
| 50:11 | Trundle the Great · resign |
[ AI ANALYSIS · 1 CREDIT ]
What really happened in this match?
Wolo.gg analyzes every decision: build order, eco, micro, common mistakes by bracket. Personalized analysis on WhatsApp or Discord in 30 seconds.
Civ guide
Bengalis
Perfil
Jugador #4847475